 Dungeon Crawl Stone Soup version 0.17-a0-791-g233d389 (webtiles) character file.

126 Xoff the Magician (level 5, -2/33 HPs)
             Began as an Octopode Wizard on May 3, 2015.
             Slain by a hound (6 damage)
             ... on level 4 of the Dungeon.
             The game lasted 00:12:47 (2802 turns).

Xoff the Magician (Octopode Wizard)                 Turns: 2802, Time: 00:12:47

Health: -2/33      AC:  1    Str:  8 (9)  XL:     5   Next: 10%
Magic:  8/10       EV: 12    Int: 23      God:
Gold:   145        SH:  0    Dex: 10      Spells: 4 memorised, 2 levels left

rFire  . . .     SeeInvis .     r - +1 dagger (venom)
rCold  . . .     Clarity  .     (no shield)
rNeg   . . .     SustAb   .     a - +0 hat
rPois  .         Gourm    .     (no amulet)
rElec  .         Spirit   .     (no ring)
rCorr  .         Warding  .     (no ring)
rMut   .         Stasis   .     (no ring)
MR     .....                    (no ring)
Stlth  +++.......               (no ring)
                                (no ring)
                                (no ring)
                                (no ring)

@: not resistant to hostile enchantments, fairly stealthy
A: almost no armour, amphibious, 8 rings, constrict 8, camouflage 1, clever 1,
deterioration 1, strong 1, gelatinous body 1
a: no special abilities


You were on level 4 of the Dungeon.
You were not hungry.

You visited 1 branch of the dungeon, and saw 4 of its levels.

You collected 145 gold pieces.

Inventory:

Hand weapons
 r - a +1 dagger of venom (weapon)
Missiles
 f - 8 poisoned needles
Armour
 a - a +0 hat (worn)
Scrolls
 d - 3 scrolls of remove curse {unknown}
 g - a scroll of fog {unknown}
 j - 2 scrolls of immolation {unknown}
 l - a scroll of magic mapping {unknown}
 p - 2 scrolls of enchant weapon {unknown}
 q - 2 scrolls of identify {unknown}
 s - a scroll of enchant armour {unknown}
Potions
 e - a potion of poison
 m - a potion of heal wounds
Books
 b - a book of Minor Magic

   Spells                             Type                      Level
   a - Magic Dart                     Conjuration                  1
   b - Blink                          Translocation                2
   c - Call Imp                       Summoning                    2
   d - Repel Missiles                 Charms/Air                   2
   e - Slow                           Hexes                        2
   f - Conjure Flame                  Conjuration/Fire             3
   g - Mephitic Cloud                 Conjuration/Poison/Air       3
Comestibles
 c - 4 bread rations
 i - 2 beef jerkies
 k - 2 slices of pizza
 n - a royal jelly
 o - 3 meat rations


   Skills:
 + Level 1.0 Fighting
 + Level 2.4 Dodging
 + Level 3.3 Stealth
 + Level 1.5 Unarmed Combat
 * Level 3.6 Spellcasting
 * Level 2.1 Conjurations
 + Level 0.4 Charms
   Level 1.0 Summonings
   Level 1.0 Translocations
 + Level 0.0 Fire Magic
 + Level 0.6 Air Magic
 + Level 0.8 Poison Magic


You had 2 spell levels left.
You knew the following spells:

 Your Spells              Type           Power        Failure   Level  Hunger
a - Magic Dart            Conj           ##..         4%          1    None
b - Conjure Flame         Conj/Fire      #.......     24%         3    ###....
c - Mephitic Cloud        Conj/Pois/Air  #.......     21%         3    ###....
d - Repel Missiles        Chrm/Air       #.....       17%         2    #......


Dungeon Overview and Level Annotations

Branches:
Dungeon (4/15)
 Temple: D:4-7

Altars:
Ashenzari
Trog
Vehumet


Innate Abilities, Weirdness & Mutations

You cannot wear most types of armour.
You are amphibious.
You can wear up to eight rings at the same time.
You can use your tentacles to constrict eight enemies at once.
Your skin changes colour to match your surroundings (Stealth).
Your rubbery body absorbs attacks (AC +1).
Your mind is acute. (Int +2)
Your body is slowly deteriorating.
Your muscles are strong. (Str +2)


Message History

The goblin cries.
You hit the hound.
The hound is poisoned.
Your grab misses the hound.
The hound is heavily wounded.
The hound barely misses you. The hound bites you.
You closely miss the hound. Your grab misses the hound.
The hound is heavily wounded.
The hound bites you.
The orc priest mumbles some strange prayers to Beogh against you.
Something smites you!
You hit the hound. Your grab misses the hound.
The hound is heavily wounded.
The hound bites you. The hound closely misses you.
You hit the hound but do no damage. Your grab misses the hound.
The hound is severely wounded.
The goblin looks very confused.
The hound bites you.
* * * LOW HITPOINT WARNING * * *
You are too injured to fight recklessly!
The hound bites you.
You die...

#############
#............
#............
############o....<......
.........@hO.....g...>..
######.####............
#.####...o.r......
#....#######..####
####.# ..# #.######.#
... #.....##.# ###.
##############.##.# #
..................#


You could see an ogre, a hound, an orc priest and an orc.

Vanquished Creatures
  Terence (D:2)
  4 gnolls (D:3)
  An ooze (D:3)
  An adder skeleton (D:4)
  A worm (D:3)
  A giant gecko (D:3)
  2 orcs
  6 bats
  A bat skeleton (D:4)
  4 giant cockroaches
  8 goblins
  6 hobgoblins
  9 kobolds
  A ball python (D:1)
  6 giant newts
  5 rats
57 creatures vanquished.

Notes
Turn   | Place    | Note
--------------------------------------------------------------
     0 | D:1      | Xoff, the Octopode Wizard, began the quest for the Orb.
     0 | D:1      | Reached XP level 1. HP: 11/11 MP: 4/4
   259 | D:1      | Reached XP level 2. HP: 17/17 MP: 0/6
   882 | D:2      | Noticed Terence
  1227 | D:2      | Killed Terence
  1227 | D:2      | Reached skill level 1 in Unarmed Combat
  1227 | D:2      | Reached XP level 3. HP: 11/22 MP: 8/8
  1292 | D:2      | Gained mutation: Your body is slowly deteriorating. [potion of mutation]
  1292 | D:2      | Gained mutation: Your muscles are strong. (Str +2) [potion of mutation]
  1292 | D:2      | Gained mutation: Your mind is acute. (Int +2) [potion of mutation]
  1503 | D:2      | Found a bloodstained altar of Trog.
  1554 | D:2      | Reached XP level 4. HP: 20/27 MP: 9/9
  1599 | D:2      | Learned a level 3 spell: Conjure Flame
  1603 | D:2      | Learned a level 3 spell: Mephitic Cloud
  1606 | D:2      | Learned a level 2 spell: Repel Missiles
  2455 | D:3      | Found a shattered altar of Ashenzari.
  2455 | D:3      | Found a radiant altar of Vehumet.
  2511 | D:3      | Reached skill level 1 in Fighting
  2511 | D:3      | Reached XP level 5. HP: 17/33 MP: 2/10
  2786 | D:4      | Noticed an ogre
  2802 | D:4      | Slain by a hound

Action                   |  1- 3 |  4- 6 || total
-------------------------+-------+-------++-------
Melee: Unarmed           |     5 |       ||     5
       Short sword       |    41 |    21 ||    62
       Dagger            |       |    42 ||    42
 Cast: Magic Dart        |    38 |     9 ||    47
       Conjure Flame     |       |     3 ||     3
       Mephitic Cloud    |       |     3 ||     3
  Use: Potion            |     5 |     1 ||     6
 Stab: Sleeping          |     4 |     2 ||     6
  Eat: Chunk             |     2 |     4 ||     6
